 Dungeon Crawl Stone Soup version 0.13.1-28-g3517093 (webtiles) character file.

403 CrazyArbalest the Bolt Thrower (level 5, 0/38 HPs)
             Began as a Demonspawn Hunter on Mar 8, 2014.
             Killed from afar by an orc wizard (3 damage)
             ... with a magic dart
             ... on Level 4 of the Dungeon.
             The game lasted 00:17:02 (3365 turns).

CrazyArbalest the Bolt Thrower (Demonspawn Hunter)  Turns: 3365, Time: 00:17:03

HP   0/38        AC  8     Str 13      XL: 5   Next: 35%
MP   4/4         EV  9     Int 13      God:
Gold 220         SH  0     Dex 13      Spells:  0 memorised,  4 levels left

Res.Fire  : . . .   See Invis. : .   a - +0 whip
Res.Cold  : . . .   Warding    : .   e - +0 ring mail (curse)
Life Prot.: . . .   Conserve   : .   (no shield)
Res.Poison: .       Res.Corr.  : .   l - +2 helmet
Res.Elec. : .       Clarity    : .   (no cloak)
Sust.Abil.: . .     Spirit.Shd : .   (no gloves)
Res.Mut.  : .       Stasis     : .   (no boots)
Res.Rott. : .       Flight     : .   (no amulet)
Saprovore : . . .                    (no ring)
                                     (no ring)

@: slightly resistant to hostile enchantments, very unstealthy
A: powered by death 1
a: no special abilities


You were on level 4 of the Dungeon.
You were hungry.

You visited 1 branch of the dungeon, and saw 4 of its levels.

You collected 200 gold pieces.

Inventory:

Hand weapons
 a - a +0,+0 whip (weapon)
 b - a +1,+1 crossbow
 r - a +0,+0 whip
 s - a +1,+1 whip
 F - a +0,+3 orcish flail
 G - a +3,+0 orcish whip
 I - a +0,+3 orcish flail
Missiles
 c - 17 bolts
Armour
 d - a +0 leather armour
 e - a cursed +0 ring mail (worn)
 k - a +0 helmet
 l - a +2 helmet (worn)
 u - a +0 animal skin
 D - a cursed +0 orcish leather armour
 O - a +2 orcish leather armour
 Q - a +1 orcish leather armour
Comestibles
 f - 2 bread rations
 p - 2 meat rations
 C - a lychee
 J - a cheese
 L - a rotting chunk of worker ant flesh
 N - 2 apples
Scrolls
 m - 2 scrolls of magic mapping {unknown}
 t - 4 scrolls of remove curse {unknown}
 v - a scroll of curse armour {unknown}
 x - 2 scrolls of noise {unknown}
 y - 2 scrolls of teleportation {unknown}
 z - a scroll of blinking {unknown}
 A - a scroll of fog {unknown}
 B - a scroll of enchant weapon II {unknown}
 E - a scroll of enchant armour {unknown}
Jewellery
 n - an uncursed ring of ice
 P - an uncursed ring of protection from cold {unknown}
Potions
 g - 4 potions of curing {unknown}
 h - a potion of brilliance {unknown}
 i - 2 potions of paralysis {unknown}
 j - a potion of slowing {unknown}
 o - a potion of agility {unknown}
 q - a potion of heal wounds {unknown}
 w - a potion of poison {unknown}
 H - a potion of mutation {unknown}
 R - a potion of magic {unknown}
 S - a potion of flight {unknown}


   Skills:
 + Level 1.2 Fighting
 * Level 1.5 Maces & Flails
 + Level 4.4 Crossbows
 + Level 1.5 Armour
 + Level 3.4 Dodging
 + Level 0.8 Stealth


You had 4 spell levels left.
You didn't know any spells.

Dungeon Overview and Level Annotations

Branches:
Dungeon (4/27)
 Temple: D:4-7

Altars:
Trog


Innate Abilities, Weirdness & Mutations

You can steal the life force of nearby defeated enemies.


Message History

You hit the goblin.
You kill the goblin!
There is an open door here.
The orc wizard gestures at you while chanting.
The magic dart hits you!
The orc wizard points at you and mumbles some strange words.
The magic dart hits you!
* * * LOW HITPOINT WARNING * * *
The orc wizard hits you but does no damage.
The orc wizard gestures at you while chanting.
You resist. The orc wizard casts a spell at you. The magic dart hits you!
* * * LOW HITPOINT WARNING * * *
Some of the chunks of flesh in your inventory have completely rotted away.
The orc wizard gestures wildly while chanting.
The orc wizard blinks!
The orc wizard casts a spell at you. The magic dart hits you!
You die...

. ##.>..... # #.# ####........
..#.# ............ ### #.#.#
#......... .. .#.#.##########
#......[.. # .#............#
#......... #
.#............###.........
#######.#..............#.#..####.
........#o.....o@.<>........## #.
........o....O...............# #.
###....###.o..........#......###[
..'..............................
###....###..................####.
.................................
###########.########........####.
##.########........####.
..........#.............


You could see an ogre, an orc wizard and 3 orcs.

Vanquished Creatures
  2 worker ants
  3 adders
  An inept item mimic (D:3)
  A giant gecko (D:2)
  13 orcs
  8 hobgoblins
  9 kobolds
  A quokka (D:3)
  2 ball pythons
  8 bats
  A giant cockroach (D:2)
  2 giant newts
  7 goblins
  46 rats
  A rat skeleton (D:4)
105 creatures vanquished.

Notes
Turn   | Place    | Note
--------------------------------------------------------------
     0 | D:1      | CrazyArbalest, the Demonspawn Hunter, began the quest for the Orb.
     0 | D:1      | Reached XP level 1. HP: 16/16 MP: 0/0
   189 | D:1      | Gained mutation: You can steal the life force of nearby defeated enemies. [demonic ancestry]
   189 | D:1      | Reached XP level 2. HP: 22/22 MP: 1/1
   211 | D:1      | Reached skill level 4 in Crossbows
  1067 | D:2      | Found a bloodstained altar of Trog.
  1206 | D:2      | Reached XP level 3. HP: 27/27 MP: 2/2
  1857 | D:2      | Reached skill level 1 in Armour
  1857 | D:2      | Reached XP level 4. HP: 28/33 MP: 3/3
  2005 | D:2      | Reached skill level 1 in Maces & Flails
  2472 | D:3      | Reached XP level 5. HP: 35/38 MP: 4/4
  3341 | D:4      | Noticed an ogre
  3365 | D:4      | Killed from afar by an orc wizard

Action                   |  1- 3 |  4- 6 || total
-------------------------+-------+-------++-------
Melee: Whip              |   208 |   117 ||   325
       Short sword       |    11 |       ||    11
       Flail             |       |    10 ||    10
 Fire: Crossbow          |    21 |    19 ||    40
